 Dungeon Crawl Stone Soup version 0.29.0-11-gd7f09526c8 (webtiles) character file.

Game seed: 13442961226669927442

3294 gelatine the Skirmisher (level 9, -24/74 HPs)
             Began as a Demonspawn Hunter on Sept 3, 2022.
             Was an Elder of Jiyva.
             Annihilated by a two-headed ogre
             ... wielding a +0 giant club
              (31 damage)
             ... on level 8 of the Dungeon.
             The game lasted 00:17:58 (6696 turns).

gelatine the Skirmisher (Demonspawn Hunter)         Turns: 6696, Time: 00:17:58

Health: -24/74     AC: 10    Str: 11    XL:     9   Next: 69%
Magic:  9/9        EV: 12    Int: 20    God:    Jiyva [****..]
Gold:   336        SH:  0    Dex: 20    Spells: 8/8 levels left

rFire   . . .      SeeInvis .   a - +0 shortbow
rCold   + + .      Faith    .   (shield currently unavailable)
rNeg    . . .      Spirit   .   k - +1 ring mail of the Tormentor {Drain rC++}
rPois   .          Reflect  .   (helmet restricted)
rElec   .          Harm     .   (no cloak)
rCorr   +          Rampage  .   (no gloves)
Will    .....                   n - +0 pair of boots
Stlth   +++++.....              (no amulet)
HPRegen 1.50/turn               m - +6 ring of intelligence
MPRegen 0.51/turn               (no ring)

@: calling ooze
A: molten scales 1, demonic guardian 2, spiny 2, horns 2, camouflage 3, clever
1, robust 1
a: Renounce Religion, Oozemancy, Slimify


You were on level 8 of the Dungeon.
You worshipped Jiyva.
Jiyva was greatly pleased with you.
You visited 2 branches of the dungeon, and saw 9 of its levels.
You also visited: Ossuary.

You collected 336 gold pieces.

Inventory:

Hand Weapons
 a - a +0 shortbow (weapon)
 y - a +3 long sword of freezing
 z - a +3 hand axe
Missiles
 c - 5 boomerangs
 o - 6 poisoned darts
Armour
 k - the +1 ring mail of the Tormentor (worn) {Drain rC++}
   (You found it on level 3 of the Dungeon)

   rC:        It greatly protects you from cold.
   Drain:     It drains your maximum health when unequipped.
 n - a +0 pair of boots (worn)
Jewellery
 m - a +6 ring of intelligence (left hand)
 r - an amulet of guardian spirit
Wands
 v - a wand of charming (7)
Scrolls
 b - 3 scrolls of immolation
 d - a scroll of noise {unknown}
 g - a scroll of vulnerability
 i - a scroll of enchant armour
 j - 2 scrolls of teleportation
 q - 2 scrolls of fear
 s - a scroll of blinking
 t - a scroll of torment
 u - 2 scrolls of poison {unknown}
Potions
 e - a potion of attraction {unknown}
 f - a potion of flight
 h - a potion of curing
 l - 2 potions of might
 p - 2 potions of berserk rage
 w - a potion of magic {unknown}
 x - a potion of brilliance {unknown}


   Skills:
 + Level 5.2 Fighting
 + Level 9.9 Ranged Weapons
 * Level 6.5 Armour
 + Level 3.3 Dodging
 + Level 1.6 Stealth


You had 8 spell levels left.
You didn't know any spells.
Your spell library contained the following spells:

 Spells                   Type           Power      Damage    Failure   Level
 Airstrike                Air            0%         2d(0-16)  99%         4
 Summon Lightning Spire   Summ/Air       0%         N/A       99%         4
 Lightning Bolt           Conj/Air       0%         1d11      100%        5


Dungeon Overview and Level Annotations

Branches:
Dungeon (8/15)             Temple (1/1) D:4            Lair (0/5) D:8
Ossuary (visited)

Altars:
Ashenzari
Cheibriados
Dithmenos
Fedhas
Gozag
Makhleb
Nemelex Xobeh
Okawaru
Qazlal
Trog
Vehumet
Wu Jian
Xom
Yredelemnul
Jiyva

Shops:
D:2 [   D:6 *

Annotations:
D:7 1 transporter, doricub5's ghost, novice GnHu


Innate Abilities, Weirdness & Mutations

You are partially covered in molten scales. (AC +2)
A demonic guardian rushes to your aid.
You are mostly covered in sharp spines.
You have a pair of horns on your head.
Your skin perfectly mimics your surroundings (Stealth+++).
Your mind is acute. (Int +4, Str/Dex -1)
You are robust. (+10% HP)


Message History

Slime begins to ooze from the nearby walls!
You will no longer expel jellies when injured.
The walls burn the two-headed ogre!
The walls burn the two-headed ogre!
The two-headed ogre attacks as you move away!
The two-headed ogre is struck by your spines.
The two-headed ogre hits you with a +0 giant club!
The two-headed ogre barely misses you.
The walls burn the two-headed ogre!
The two-headed ogre attacks as you move away!
The two-headed ogre is struck by your spines.
The two-headed ogre hits you with a +0 giant club!!
The two-headed ogre barely misses you.
The walls burn the two-headed ogre!
The walls burn the two-headed ogre!
The walls burn the two-headed ogre!
You shoot an arrow.
The arrow barely misses the two-headed ogre.
The walls burn the two-headed ogre!
You hear a distant slurping noise.
You shoot an arrow.
The arrow completely misses the two-headed ogre.
The walls burn the two-headed ogre!
The two-headed ogre hits you with a +0 giant club!
The two-headed ogre hits you with a +0 giant club!!
You are too injured to fight recklessly!
You are too injured to fight recklessly!
You are too injured to fight recklessly!
Fire: a) +0 shortbow
Press: ? - help, Q - select action, (/) - cycle Shift-Dir - straight line, f/p - two-headed ogre
Aim: a two-headed ogre, wielding two +0 giant clubs (severely wounded, 80% to hit)
You shoot an arrow. The arrow hits the two-headed ogre.
The two-headed ogre is severely wounded.
The walls burn the two-headed ogre!
The two-headed ogre is struck by your spines.
The two-headed ogre hits you with a +0 giant club!!
* * * LOW HITPOINT WARNING * * *
A demonic guardian appears!
The two-headed ogre closely misses you.
The two-headed ogre attacks as you move away!
The two-headed ogre hits you with a +0 giant club!!
You die...

###########.# #.
#.>......##.# #.
#.# #.##.# #. #.#
#.##.# #. #.#
#.##.#####. #.#
#.##.......
#4######.##.######
#O##..............
#@##.###.##.#####.
#.##.# #.##.# #.
#.##.# #.##.#####.
#.##.# #.##.....#.
#.##.###.######...
#........# #..#
####.##### #..#
#.### #..# #...#
#..#


You could see a two-headed ogre (ally target) and a friendly hellwing
(summoned).

Vanquished Creatures
  2 wyverns (D:7)
  An acid dragon (D:8)
  3 water moccasins
  An orc warrior (D:6)
  A black bear (D:6)
  A centaur (D:6)
  A phantom (D:6)
  2 bullfrogs
  2 scorpions
  3 wights
  3 howler monkeys
  An electric eel (D:8)
  A hound (D:6)
  An orc priest (D:4)
  A gnoll bouda (D:6)
  2 iguanas
  4 orc wizards
  A mummy (Ossuary)
  4 gnolls
  6 adders
  2 shadow imps
  A white imp (D:7)
  2 worms
  14 orcs
  4 spectral bats (Ossuary)
  5 endoplasms
  A giant cockroach (D:2)
  3 goblins
  6 hobgoblins
  5 quokkas
  3 ball pythons
  5 bats
  6 bat simulacra (Ossuary)
  3 frilled lizards
  12 gnoll zombies (Ossuary)
  3 goblin simulacra (Ossuary)
  7 goblin zombies (Ossuary)
  4 hobgoblin zombies (Ossuary)
  8 kobolds
  2 kobold simulacra (Ossuary)
  3 kobold zombies (Ossuary)
  4 orc zombies (Ossuary)
  3 rats
  3 rat simulacra (Ossuary)
  2 spectral goblins (Ossuary)
  A spectral kobold (Ossuary)
  8 spectral rats (Ossuary)
161 creatures vanquished.

Vanquished Creatures (collateral kills)
  A two-headed ogre (D:8)
  Maggie (D:8)
  A hornet (D:7)
  An orc priest (D:7)
  4 gnolls
  A white imp (D:7)
  A ball python (D:3)
  An endoplasm (D:3)
  A hobgoblin (D:4)
12 creatures vanquished.

Vanquished Creatures (others)
  An ice beast (D:5)
  A centaur (D:7)
  A phantom (D:5)
  A jelly (D:5)
  A hound (D:5)
  3 orc wizards (D:8)
  A gnoll (D:8)
  3 adders (D:5)
  An orc (D:8)
  2 plants (D:8)
15 creatures vanquished.

Grand Total: 188 creatures vanquished

Notes
Turn   | Place    | Note
-------+----------+-------------------------------------------
     0 | D:1      | gelatine the Demonspawn Hunter began the quest for the Orb.
     0 | D:1      | Reached XP level 1. HP: 16/16 MP: 1/1
   299 | D:1      | Reached skill level 4 in Ranged Weapons
   299 | D:1      | Gained mutation: A weak demonic guardian rushes to your
                  | aid. [demonic ancestry]
   299 | D:1      | Reached XP level 2. HP: 22/22 MP: 2/2
  1058 | D:2      | Reached XP level 3. HP: 27/27 MP: 3/3
  1223 | D:2      | Found Ythewk's Antique Armour Shoppe.
  1406 | D:3      | Identified the +1 ring mail of the Tormentor {Drain rC++}
  1595 | D:3      | Found a broken altar of Ashenzari.
  1646 | D:3      | Found a blossoming altar of Fedhas.
  2024 | D:4      | Noticed a water moccasin
  2030 | D:4      | Killed a water moccasin
  2031 | D:4      | Reached skill level 5 in Ranged Weapons
  2031 | D:4      | Reached skill level 1 in Stealth
  2031 | D:4      | Gained mutation: You are partially covered in sharp spines.
                  | [demonic ancestry]
  2031 | D:4      | Reached XP level 4. HP: 22/34 MP: 4/4
  2031 | D:4      | Reached XP level 5. HP: 25/39 MP: 5/5
  2226 | D:4      | Reached skill level 1 in Armour
  2362 | D:4      | Gained mutation: You have large cloven feet. [potion of
                  | mutation]
  2362 | D:4      | Gained mutation: Your mind is acute. (Int +4, Str/Dex -1)
                  | [potion of mutation]
  2363 | D:4      | Lost mutation: Your mind is acute. (Int +4, Str/Dex -1)
                  | [potion of mutation]
  2363 | D:4      | Lost mutation: You have large cloven feet. [potion of
                  | mutation]
  2363 | D:4      | Gained mutation: Your magical capacity is low. (-10% MP)
                  | [potion of mutation]
  2363 | D:4      | Lost mutation: Your magical capacity is low. (-10% MP)
                  | [potion of mutation]
  2391 | D:4      | Found a shadowy altar of Dithmenos.
  2465 | D:4      | Found a staircase to the Ecumenical Temple.
  2499 | Temple   | Entered the Ecumenical Temple
  2603 | Temple   | Became a worshipper of Jiyva Jaunucro the Shapeless
  2631 | D:4      | Found a basalt altar of Yredelemnul.
  2697 | D:4      | Found a burning altar of Makhleb.
  2877 | D:5      | Entered Level 5 of the Dungeon
  2887 | D:5      | Killed a phantom
  3121 | D:5      | Reached skill level 6 in Ranged Weapons
  3121 | D:5      | Gained mutation: You are mostly covered in sharp spines.
                  | [demonic ancestry]
  3121 | D:5      | Reached XP level 6. HP: 46/46 MP: 6/6
  3220 | D:5      | Reached * piety under Jiyva
  3240 | D:5      | Killed an ice beast
  3903 | D:5      | Reached ** piety under Jiyva
  4058 | D:6      | Found Kuetock's General Store.
  4153 | D:7      | Reached XP level 7. HP: 49/52 MP: 7/7
  4203 | D:6      | Reached skill level 7 in Ranged Weapons
  4232 | D:6      | Found a sand-covered staircase.
  4236 | Ossuary  | Entered an ossuary
  4722 | D:6      | Gained mutation: You are partially covered in molten
                  | scales. (AC +2) [demonic ancestry]
  4722 | D:6      | Reached XP level 8. HP: 48/59 MP: 8/8
  4780 | D:6      | Reached skill level 8 in Ranged Weapons
  4893 | D:6      | Reached *** piety under Jiyva
  5010 | D:6      | Found a radiant altar of Vehumet.
  5123 | D:7      | Noticed a hornet
  5131 | D:7      | Killed a hornet
  5202 | D:7      | Gained mutation: You have a pair of small horns on your
                  | head. [Jiyva's grace]
  5202 | D:7      | Gained mutation: You have a pair of horns on your head.
                  | [Jiyva's grace]
  5202 | D:7      | Gained mutation: You have a pair of large horns on your
                  | head. [Jiyva's grace]
  5202 | D:7      | Gained mutation: You are robust. (+10% HP) [Jiyva's grace]
  5300 | D:7      | Noticed doricub5's ghost (novice GnHu)
  5301 | D:7      | Found a transporter.
  5330 | D:7      | Reached **** piety under Jiyva
  5467 | D:8      | Reached skill level 9 in Ranged Weapons
  5486 | D:7      | Gained mutation: A demonic guardian rushes to your aid.
                  | [demonic ancestry]
  5486 | D:7      | Reached XP level 9. HP: 14/72 MP: 9/9
  5489 | D:7      | Reached skill level 5 in Armour
  5663 | D:7      | Found a sparkling altar of Nemelex Xobeh.
  5816 | D:7      | Found a snail-covered altar of Cheibriados.
  6155 | D:8      | Reached ***** piety under Jiyva
  6180 | D:8      | Noticed Maggie
  6198 | D:8      | Killed Maggie
  6334 | D:8      | Found a staircase to the Lair.
  6435 | D:8      | Found a bloodstained altar of Trog.
  6438 | D:8      | Found a shimmering altar of Xom.
  6537 | D:8      | Lost mutation: You have a pair of large horns on your head.
                  | [Jiyva's grace]
  6537 | D:8      | Gained mutation: Your skin changes colour to match your
                  | surroundings (Stealth+). [Jiyva's grace]
  6537 | D:8      | Gained mutation: Your skin blends seamlessly with your
                  | surroundings (Stealth++). [Jiyva's grace]
  6537 | D:8      | Gained mutation: Your skin perfectly mimics your
                  | surroundings (Stealth+++). [Jiyva's grace]
  6537 | D:8      | Gained mutation: Your mind is acute. (Int +4, Str/Dex -1)
                  | [Jiyva's grace]
  6577 | D:8      | Noticed a two-headed ogre
  6586 | D:8      | Killed a two-headed ogre
  6587 | D:8      | Reached skill level 5 in Fighting
  6682 | D:8      | Noticed a two-headed ogre
  6696 | D:8      | Annihilated by a two-headed ogre

Illustrated notes

Levels and vault maps discovered:
D:1:      minmay_arrival_jagged, layout_loops_cross
D:2:      layout_rooms, serial_shops, nicolae_lakefront_shop,
          chequers_serial_rivers_micro_b
D:3:      layout_rooms, fedhas_altar_1, old_standard_altar
D:4:      layout_loops_ring, lightli_temple_of_fire,
          grunt_dithmenos_smoke_and_mirrors, nicolae_overflow_crystal_walls,
          minmay_temple_entry_mist
D:5:      layout_layer_cave
D:6:      layout_rooms, mainiacjoe_overflow_alcove_1, enter_ossuary_5,
          serial_glass, glass_columns_a, glass_columns_a, serial_shops,
          nicolae_stop_n_shop_1
D:7:      layout_layer_cave, mainiacjoe_overflow_alcove_2,
          nemelex_spade_bored_becter, gammafunk_ghost_smash
D:8:      layout_loops_ring, nicolae_overflow_squiral, dpeg_oklobed_lair,
          uniq_maggie
Temple:   pf_slime_end_temple

Skill      XL: |  1  2  3  4  5  6  7  8  9 |
---------------+----------------------------+-----
Ranged Weapons | 4 5 6 7 9 |  9.9
Stealth        | 1 |  1.6
Armour         | 1 2 3 4 6 |  6.5
Dodging        | 2 3 |  3.3
Fighting       | 3 4 5 |  5.2

Action                   |  1- 3 |  4- 6 |  7- 9 || total
-------------------------+-------+-------+-------++-------
 Fire: Shortbow          |   126 |    66 |   282 ||   474
Invok: Oozemancy         |       |       |     2 ||     2
  Use: Scroll            |       |     9 |     5 ||    14
       Potion            |       |     2 |     2 ||     4
Armor: Leather armour    |     8 |       |       ||     8
       Ring mail         |     3 |    10 |    46 ||    59
Dodge: Dodged            |    31 |    16 |   100 ||   147
